AoeStats
← NeonLime

Migration

504037599Analyzed
1v1 RM · 27d ago on Sep 3, 2026· 55m 26s· 2 players
Game mode
Random Map
Map size
132×132
Population
200
Speed
Normal
Resources
Standard
Victory
Conquest
Starting age
Dark Age
Ending age
Imperial Age
RankedLock teamsTeams togetherTeam positionsShared explorationLock speedFull tech treeHidden civsTurbo modeCheats
Victory
Defeat
🇺🇸 Japanese · United States
741
+17
🇸🇪 Japanese · Sweden
755
-17
NeonLime
7:09 Loom
11:28 Feudal Age
12:29 Fishing Lines
18:52 Castle Age
17:28 Wheelbarrow
17:57 Fletching
19:54 Medium Warships
19:47 Gillnets
19:56 Bodkin Arrow
20:02 Padded Archer Armor
19:58 Double-Bit Axe
20:06 Crossbowman
21:43 Squires
24:31 Gambesons
25:13 Pikeman
26:43 Town Watch
29:06 Stone Mining
33:58 Scale Mail Armor
35:52 Arson
36:56 Chain Mail Armor
36:57 Leather Archer Armor
36:53 Forging
36:49 Scale Barding Armor
39:16 Thumb Ring
38:32 Elite Skirmisher
39:20 Murder Holes
39:46 Ballistics
40:35 Iron Casting
40:13 Horse Collar
40:56 Chain Barding Armor
40:53 Bow Saw
44:05 Guard Tower
44:28 Clinker Construction
43:46 Man-at-Arms
44:38 Treadmill Crane
45:18 Hand Cart
45:03 Town Patrol
46:43 Hand Cart
46:29 Town Patrol
47:01 Gold Mining
52:30 Imperial Age
53:05 Arbalester
pakojones
3:00 Loom
12:03 Feudal Age
15:33 Double-Bit Axe
20:46 Castle Age
20:31 Bloodlines
22:44 Husbandry
24:24 Scale Barding Armor
24:27 Elite Skirmisher
27:08 Forging
27:27 Squires
27:58 Fletching
29:33 Wheelbarrow
29:34 Town Watch
30:20 Gold Mining
33:01 Thumb Ring
33:07 Man-at-Arms
33:26 Demolition Ship
34:25 Medium Warships
34:23 Long Swordsman
34:25 Pikeman
38:49 Scale Mail Armor
49:30 Imperial Age
50:17 Hand Cart
51:27 Two-Handed Swordsman
52:46 Conscription
52:34 Cavalier
55:43 Padded Archer Armor
56:08 Ballistics
Connection lost

Rejoining the realm…

Still unreachable

The connection could not be restored.

Session expired

The server has moved on; the page needs a fresh start.